 Dungeon Sprint DCSS version 0.30.1-9-gdf580d7c3d (webtiles) character file.

Game seed: 16995508463812739360

22663 Heoruswealwe the Phalangite (level 12, -30/133 HPs)
             Began as a Minotaur Fighter on Oct 25, 2023.
             Was an Initiate of Gozag.
             Killed from afar by a fire giant (59 damage)
             ... with a bolt of fire
             ... in the Dungeon (Sprint IX: "|||||||||||||||||||||||||||||").
             The game lasted 00:24:53 (2123 turns).

Heoruswealwe the Phalangite (Minotaur Fighter)      Turns: 2123, Time: 00:24:55

Health: -30/133    AC: 31    Str: 32    XL:     12   Next: 65%
Magic:  11/11      EV:  7    Int:  5    God:    Gozag
Gold:   1046       SH: 11    Dex:  5    Spells: 11/11 levels left

rFire   . . .        a - +8 spear of the Postmodern Ghosts {holy, rElec rPois Str+3 Dex-5}
rCold   . . .        d - +1 tower shield
rNeg    . . .        c - +0 plate armour
rPois   +            g - +2 hood of the Assassin {Detect Stab+ Stlth++}
rElec   +            h - +1 cloak of Amorality {rPois Slay+4}
rCorr   .            f - +0 pair of gloves
SInv    .            e - +2 pair of boots {Fly}
Will    .....        (no amulet) Stlth
                     k - +3 ring of strength
HPRegen 0.42/turn    j - +2 ring of protection
MPRegen 0.12/turn

%: no teleportation
@: gold aura, flying
A: horns 2, retaliatory headbutt
a: Renounce Religion, Potion Petition, Call Merchant, Bribe Branch


You were in the Dungeon.
You worshipped Gozag.
Gozag was most pleased with you.
You visited 1 branch You collected 8781 gold pieces.
You spent 4356 gold pieces at shops.
You paid 3379 gold pieces to Gozag.

Inventory:

Hand Weapons
 a - the +8 spear of the Postmodern Ghosts (weapon) {holy, rElec rPois Str+3 Dex-5}
   (You found it in the Dungeon)

   Str:       It affects your strength (+3).
   Dex:       It affects your dexterity (-5).
   rElec:     It insulates you from electricity.
   rPois:     It protects you from poison.
 b - a +2 halberd of flaming
 s - the +8 storm bow {elec, penet}
   (You bought it in a shop in the Dungeon)
Armour
 c - a +0 plate armour (worn)
 d - a +1 tower shield (worn)
 e - a +2 pair of boots of flying (worn)
 f - a +0 pair of gloves (worn)
 g - the +2 hood of the Assassin (worn) {Detect Stab+ Stlth++}
   (You bought it in a shop in the Dungeon)

   Detect:    It allows the wearer to sense nearby creatures.
   Stab+:     It allows the wearer to make particularly effective stabbing
   attacks against helpless or unaware enemies with any weapon.
   Stlth:     It makes you much more stealthy.
 h - the +1 cloak of Amorality (worn) {rPois Slay+4}
   (You bought it in a shop in the Dungeon)

   Slay:      It affects your accuracy & damage with ranged weapons and melee
   (+4).
   rPois:     It protects you from poison.
Jewellery
 j - a +2 ring of protection (right hand)
 k - a +3 ring of strength (left hand)
 A - a ring of protection from fire
Wands
 l - a wand of iceblast (10)
 o - a wand of flame (23)
 w - a wand of polymorph (7)
Scrolls
 n - 2 scrolls of blinking
 p - 5 scrolls of identify
 q - 5 scrolls of enchant weapon
Potions
 i - 2 potions of berserk rage
 m - 6 potions of might
 r - 4 potions of heal wounds
 u - a potion of haste
 v - 9 potions of curing
 z - a potion of resistance
 B - a potion of mutation
Miscellaneous
 t - a phantom mirror
 x - a piece from Xom's chessboard (15/15)
 y - a box of beasts


   Skills:
 + Level 20.0 Fighting
 * Level 26.8 Polearms
 + Level 20.0 Armour
 - Level 3.6 Shields


You had 11 spell levels left.
You didn't know any spells.
Your spell library was empty.

Dungeon Overview and Level Annotations

Branches:
Dungeon (1/1)

Altars:
Cheibriados
Dithmenos
Elyvilon
Fedhas
Gozag
Hepliaklqana
Kikubaaqudgha
Makhleb
Nemelex Xobeh
Okawaru
Qazlal
Ru
Sif Muna
Trog
Uskayaw
Vehumet
Wu Jian
Xom
Yredelemnul
Zin
The Shining One
Jiyva
Lugonu

Shops:
D *(*:*[[


Innate Abilities, Weirdness & Mutations

You have a pair of horns on your head.
You reflexively headbutt those who attack you in melee.


Message History

You hit the red ugly thing.
The red ugly thing is almost dead.
You impale the red ugly thing!!
You kill the red ugly thing!
The rakshasa weaves an illusion.
The deep troll shaman shimmers and seems to become two!
Your Fighting skill increases to level 20!
Your Armour skill increases to level 20!
You hit the fire giant. You headbutt the fire giant.
The fire giant is lightly wounded.
The fire giant hits you with a +0 great sword of flaming!!
* * * LOW HITPOINT WARNING * * *
The fire giant burns you!
* * * LOW HITPOINT WARNING * * *
You feel much better.
The fire giant hits you with a +0 great sword of flaming!
* * * LOW HITPOINT WARNING * * *
The fire giant burns you.
* * * LOW HITPOINT WARNING * * *
You puncture the fire giant! You headbutt the fire giant!
The fire giant is heavily wounded.
You puncture the fire giant! You headbutt the fire giant!
The fire giant is severely wounded.
The fire giant gestures at you while chanting.
The bolt of fire hits you!!
* * * LOW HITPOINT WARNING * * *
You feel much better.
The fire giant hits you with a +0 great sword of flaming.
* * * LOW HITPOINT WARNING * * *
The fire giant burns you.
* * * LOW HITPOINT WARNING * * *
The deep troll shaman calls upon its god to strengthen the deep troll shaman.
The deep troll shaman seems to grow stronger.
You hit the fire giant.
You headbutt the fire giant, but do no damage.
The fire giant is almost dead.
The fire giant gestures at you while chanting.
The bolt of fire hits you!!!
You die...
Your body crumbles into a pile of gold.

,*,*,*,*,*,*+*,*{▓.▓.▓.▓.▓.▓.▓
,*,*,*,*,*,*,*,▓.▓.▓∩▓.▓'▓.▓.▓
,*,*,*,*,*,*,*,▓.▓.▓.▓.▓!▓.▓.▓
,*,*,*,*,*,*,*,▓.▓.▓∩▓.▓.▓.▓.▓
,*,*,*,*,*,*{*,▓R▓.▓.▓.▓)▓.▓)▓
,*,*,*,*,*,*{*,▓T▓.▓∩▓.▓.▓.▓.▓
+*,*,*,*,*,*{*,▓T▓.▓.▓.▓.▓.▓.▓
,*,*,*,*,*,*{*,▓C▓.▓∩▓.▓.▓.▓.▓
,*,*,*,*,*,*,*,▓@▓.▓.▓.▓.▓.▓.▓
,*,*,*,*,*,*{*,▓$▓.▓∩▓.▓.▓.▓[▓
,*,*,*,*,*,*+*,▓$▓.▓.▓.▓.▓.▓[▓
,*,*,*,*,*,*{*,▓$▓.▓.▓.▓.▓.▓)▓
,*,*,*,*,*,*{*,▓$▓.▓.▓.▓.▓.▓?▓
,*,*,*,*,*,*{*,▓$▓.▓!▓.▓.▓.▓!▓
,*,*,*,*,*,*{*,▓.▓.▓[▓.▓'▓.▓'▓
,*,*,*,*,*,*{*,▓?▓.▓'▓.▓.▓.▓_▓
,*,*,*,*,*,*{*,▓?▓.▓.▓.▓.▓.▓_▓


You could see a fire giant, a rakshasa and 2 deep troll shamans.

Vanquished Creatures
  A very ugly thing (D)
  A stone giant (D)
  An ettin (D)
  4 ogre magi (D)
  3 centaur warriors (D)
  7 two-headed ogres (D)
  A tengu warrior (D)
  Urug (D)
  2 ugly things (D)
  3 cyclopes (D)
  3 black mambas (D)
  Maurice (D)
  2 gargoyles (D)
  5 cane toads (D)
  An unseen horror (D)
  2 rime drakes (D)
  A komodo dragon (D)
  An efreet (D)
  9 polar bears (D)
  A troll (D)
  2 blink frogs (D)
  A slime creature (D)
  A culicivora (shapeshifter) (D)
  A yak (D)
  A wyvern (D)
  2 water moccasins (D)
  A black bear (D)
  13 orc warriors (D)
  3 ogres (D)
  A bullfrog (D)
  A gnoll sergeant (D)
  A killer bee (D)
  A howler monkey (D)
  A hound (D)
  4 orc wizards (D)
  11 orcs (D)
  A giant cockroach (D)
  2 ball pythons (D)
  2 bats (D)
100 creatures vanquished.

Notes
Turn   | Place    | Note
-------+----------+-------------------------------------------
     0 | D        | Heoruswealwe the Minotaur Fighter began the quest for the
                  | Orb.
     0 | D        | Reached XP level 1. HP: 19/19 MP: 0/0
     8 | D        | Reached skill level 3 in Polearms
    23 | D        | Noticed a hound
    23 | D        | Noticed a gnoll sergeant
    23 | D        | Noticed an orc wizard
    25 | D        | Killed an orc wizard
    26 | D        | Reached skill level 5 in Fighting
    26 | D        | Reached skill level 5 in Polearms
    26 | D        | Reached skill level 5 in Armour
    26 | D        | Reached XP level 2. HP: 29/29 MP: 1/1
    26 | D        | Reached XP level 3. HP: 36/36 MP: 2/2
    43 | D        | Killed a gnoll sergeant
    44 | D        | Reached skill level 7 in Polearms
    44 | D        | Reached XP level 4. HP: 9/44 MP: 3/3
    48 | D        | HP: 2/44 [hound (2)]
    52 | D        | Reached skill level 8 in Polearms
    58 | D        | Found a snail-covered altar of Cheibriados.
    58 | D        | Found a shadowy altar of Dithmenos.
    58 | D        | Found a white marble altar of Elyvilon.
    58 | D        | Found a blossoming altar of Fedhas.
    58 | D        | Found an opulent altar of Gozag.
    59 | D        | Found a hazy altar of Hepliaklqana.
    60 | D        | Found a viscous altar of Jiyva.
    61 | D        | Found an ancient bone altar of Kikubaaqudgha.
    62 | D        | Found a corrupted altar of Lugonu.
    63 | D        | Found a burning altar of Makhleb.
    64 | D        | Found a sparkling altar of Nemelex Xobeh.
    65 | D        | Found an iron altar of Okawaru.
    66 | D        | Became a worshipper of Gozag Ym Sagoz the Greedy
    67 | D        | Found a stormy altar of Qazlal.
    68 | D        | Found a sacrificial altar of Ru.
    69 | D        | Found a shimmering blue altar of Sif Muna.
    70 | D        | Found a bloodstained altar of Trog.
    71 | D        | Found a hide-covered altar of Uskayaw.
    72 | D        | Found a radiant altar of Vehumet.
    73 | D        | Found an ornate altar of the Wu Jian Council.
    74 | D        | Found a shimmering altar of Xom.
    75 | D        | Found a basalt altar of Yredelemnul.
    76 | D        | Found a glowing silver altar of Zin.
    77 | D        | Found a glowing golden altar of the Shining One.
   126 | D        | Noticed a two-headed ogre
   126 | D        | Noticed a yak
   126 | D        | Noticed a gargoyle
   126 | D        | Noticed a wyvern
   129 | D        | Reached skill level 9 in Polearms
   129 | D        | Reached XP level 5. HP: 52/52 MP: 4/4
   131 | D        | Killed a wyvern
   132 | D        | Reached skill level 11 in Polearms
   132 | D        | Reached XP level 6. HP: 55/62 MP: 5/5
   133 | D        | Killed a gargoyle
   134 | D        | Reached skill level 10 in Fighting
   134 | D        | Reached skill level 13 in Polearms
   134 | D        | Reached skill level 10 in Armour
   134 | D        | Reached XP level 7. HP: 64/72 MP: 6/6
   137 | D        | Killed a yak
   138 | D        | Reached skill level 14 in Polearms
   140 | D        | Killed a two-headed ogre
   141 | D        | Reached skill level 15 in Polearms
   141 | D        | Reached XP level 8. HP: 56/83 MP: 7/7
   223 | D        | Noticed a gargoyle
   223 | D        | Noticed a cyan ugly thing
   223 | D        | Noticed a salamander
   223 | D        | Noticed a troll
   223 | D        | Noticed a centaur warrior
   229 | D        | Killed a centaur warrior
   230 | D        | Reached skill level 16 in Polearms
   233 | D        | Killed a troll
   234 | D        | Reached skill level 17 in Polearms
   234 | D        | Reached XP level 9. HP: 83/92 MP: 8/8
   237 | D        | a salamander changed into a culicivora
   246 | D        | Killed a cyan ugly thing
   247 | D        | Reached skill level 18 in Polearms
   248 | D        | Killed a gargoyle
   265 | D        | Killed an unseen horror
   486 | D        | Noticed a polar bear
   486 | D        | Noticed a black mamba
   486 | D        | Noticed a cane toad
   486 | D        | Noticed a komodo dragon
   489 | D        | Killed a komodo dragon
   492 | D        | Noticed a polar bear
   494 | D        | Killed a cane toad
   495 | D        | Reached skill level 19 in Polearms
   498 | D        | Killed a black mamba
   499 | D        | Reached XP level 10. HP: 79/104 MP: 9/9
   506 | D        | Noticed a black mamba
   515 | D        | Reached skill level 20 in Polearms
   529 | D        | Killed a black mamba
   530 | D        | Reached skill level 15 in Fighting
   530 | D        | Reached skill level 15 in Armour
   718 | D        | Noticed a cane toad
   718 | D        | Noticed a cane toad
   718 | D        | Noticed a cane toad
   719 | D        | Noticed a black mamba
   721 | D        | Noticed a cane toad
   724 | D        | Killed a cane toad
   730 | D        | Killed a cane toad
   731 | D        | Reached skill level 21 in Polearms
   735 | D        | Killed a cane toad
   744 | D        | Killed a black mamba
   750 | D        | Killed a cane toad
   819 | D        | Reached XP level 11. HP: 109/115 MP: 10/10
   822 | D        | Reached skill level 22 in Polearms
   922 | D        | Noticed Urug
   936 | D        | Killed Urug
  1130 | D        | Reached skill level 23 in Polearms
  1320 | D        | Found Yptiraem's Antique Armour Boutique.
  1320 | D        | Noticed an ogre mage
  1320 | D        | Noticed an ogre mage
  1320 | D        | Noticed a two-headed ogre
  1320 | D        | Noticed an ogre mage
  1320 | D        | Noticed a two-headed ogre
  1322 | D        | Paralysed by something for 4 turns
  1330 | D        | Killed an ogre mage
  1333 | D        | Killed a two-headed ogre
  1343 | D        | Killed an ogre mage
  1346 | D        | Found Hafen's Antique Armour Shop.
  1353 | D        | Killed an ogre mage
  1354 | D        | Reached skill level 24 in Polearms
  1363 | D        | Killed a two-headed ogre
  1576 | D        | Found Faej's General Store.
  1579 | D        | Found Coxawyrch's Book Shop.
  1579 | D        | Noticed a two-headed ogre
  1585 | D        | Noticed a two-headed ogre
  1592 | D        | Killed a two-headed ogre
  1594 | D        | Noticed an ogre mage
  1595 | D        | Killed a two-headed ogre
  1595 | D        | Paralysed by an ogre mage for 3 turns
  1608 | D        | Killed an ogre mage
  1609 | D        | Reached skill level 25 in Polearms
  1609 | D        | Reached XP level 12. HP: 104/128 MP: 11/11
  1609 | D        | Noticed a two-headed ogre
  1621 | D        | Killed a two-headed ogre
  1641 | D        | Noticed a two-headed ogre
  1647 | D        | Killed a two-headed ogre
  1684 | D        | Bought a potion of attraction for 33 gold pieces
  1684 | D        | Bought a scroll of identify for 22 gold pieces
  1684 | D        | Bought a phantom mirror for 440 gold pieces
  1690 | D        | Bought the +2 hood of the Assassin {Detect Stab+ Stlth++}
                  | for 900 gold pieces
  1690 | D        | Found the +2 hood of the Assassin {Detect Stab+ Stlth++}
  1692 | D        | Bought a pair of embroidered boots for 225 gold pieces
  1734 | D        | Bought a scroll labelled IWARIU CEDA for 31 gold pieces
  1734 | D        | Bought a scroll of identify for 62 gold pieces
  1734 | D        | Bought a potion of might for 124 gold pieces
  1734 | D        | Bought a scroll labelled TOOXOU RYIVA for 31 gold pieces
  1734 | D        | Bought a potion of might for 124 gold pieces
  1734 | D        | Bought 2 potions of curing for 186 gold pieces
  1734 | D        | Bought a spiked cloak for 294 gold pieces
  1734 | D        | Identified the +1 cloak of Amorality {rPois Slay+4} (You
                  | bought it in a shop in the Dungeon)
  1785 | D        | Bought the +8 storm bow {elec, penet} for 758 gold pieces
  1785 | D        | Found the +8 storm bow {elec, penet}
  1794 | D        | Bought a potion of curing for 33 gold pieces
  1794 | D        | Bought a scroll of immolation for 44 gold pieces
  1794 | D        | Bought a potion of might for 44 gold pieces
  1794 | D        | Bought a piece from Xom's chessboard (15/15) for 220 gold
                  | pieces
  1794 | D        | Bought a box of beasts for 440 gold pieces
  1794 | D        | Bought a potion of resistance for 110 gold pieces
  1794 | D        | Bought a scroll of identify for 22 gold pieces
  1794 | D        | Bought a potion of heal wounds for 55 gold pieces
  1794 | D        | Bought a potion of degeneration for 11 gold pieces
  1837 | D        | Bought a potion of flight for 42 gold pieces
  1837 | D        | Bought a scroll of enchant weapon for 105 gold pieces
  1915 | D        | Noticed Maurice
  1920 | D        | Killed Maurice
  2001 | D        | Got the +8 spear of the Postmodern Ghosts {holy, rElec
                  | rPois Str+3 Dex-5}
  2041 | D        | Noticed a centaur warrior
  2041 | D        | Noticed a tengu warrior
  2041 | D        | Noticed a centaur warrior
  2055 | D        | Noticed an ettin
  2056 | D        | Killed a centaur warrior
  2062 | D        | Noticed a stone giant
  2071 | D        | Killed a tengu warrior
  2075 | D        | Killed a centaur warrior
  2076 | D        | Reached skill level 26 in Polearms
  2076 | D        | Noticed a rakshasa
  2077 | D        | Noticed a brown very ugly thing
  2079 | D        | Noticed a fire giant
  2084 | D        | Noticed a deep troll shaman
  2089 | D        | Killed a stone giant
  2095 | D        | Killed an ettin
  2104 | D        | Killed a red very ugly thing
  2123 | D        | Killed from afar by a fire giant

Illustrated notes

Levels and vault maps discovered:
D:        linesprint [early_d, line_temple, items_1, d_10, items_2, lair_1,
          lair_end, items_3, orc_1, orc_end, items_4, d_15, swamp_1, shoals_1,
          snake_1, spider_1, d_20, vaults_1, items_5, swamp_end, shoals_end,
          snake_end, spider_end, vaults_end, d_27, items_6, zot_1, zot_end,
          crypt_end, forest_end, elf_end, slime_end, tomb_end, abyss_end,
          pan_hell_end]

Skill      XL: |  1  2  3  4  5  6  7  8  9 10 11 12 |
---------------+-------------------------------------+-----
Polearms       | 5 7 9 11 13 15 17 19 21 25 26 | 26.8
Fighting       | 5 6 7 8 10 11 12 14 16 18 20 | 20.0
Armour         | 5 6 7 8 10 11 12 14 16 18 20 | 20.0
Shields        | |  3.6

Action                     |  1- 3 |  4- 6 |  7- 9 | 10-12 || total
---------------------------+-------+-------+-------+-------++-------
  Melee: Trident           |    27 |     7 |       |       ||    34
         Headbutt          |     1 |     1 |     9 |    58 ||    69
         Halberd           |       |     7 |    53 |   197 ||   257
         Spear             |       |       |       |    74 ||    74
         Unarmed           |       |       |       |     2 ||     2
 Invoke: Call Merchant     |       |       |       |     4 ||     4
    Use: Potion            |       |     1 |       |     4 ||     5
         Scroll            |       |       |       |     3 ||     3
   Stab: Distracted        |       |       |       |     2 ||     2
 Armour: Scale mail        |    11 |     1 |       |       ||    12
         Plate armour      |       |       |    19 |   107 ||   126
  Dodge: Dodged            |    14 |     6 |    17 |    50 ||    87
  Block: Buckler           |     6 |     1 |       |       ||     7
         Tower shield      |       |       |       |    19 ||    19
